 Dungeon Crawl Stone Soup version 0.16-a0-119-gc74d62a (webtiles) character file.

797 Ololoev the Basher (level 7, -1/99 HPs)
             Began as an Ogre Hunter on Aug 12, 2014.
             Killed from afar by an orc wizard (7 damage)
             ... with a magic dart
             ... on Level 4 of the Dungeon.
             The game lasted 00:14:32 (4469 turns).

Ololoev the Basher (Ogre Hunter)                    Turns: 4469, Time: 00:14:32

HP  -1/99        AC  5     Str 25      XL: 7   Next: 89%
MP   7/7         EV  9     Int 10      God:
Gold 185         SH  0     Dex 10      Spells:  0 memorised,  6 levels left

rFire  . . .     SeeInvis .     q - -1 flail (curse)
rCold  . . .     Clarity  .     e - +0 troll leather armour {Purgy}
rNeg   . . .     rCorr    .     (shield restricted)
rPois  .         rRot     .     (helmet restricted)
rElec  .         Spirit   .     (no cloak)
SustAb .         Warding  .     (gloves unavailable)
rMut   .         Stasis   .     (boots unavailable)
Gourm  .                        (no amulet)
MR     .....                    (no ring)
                                (no ring)

@: berserking, very quick, not resistant to hostile enchantments, extremely
unstealthy
A: unfitting armour, tough skin 1
a: no special abilities


You were on level 4 of the Dungeon.
You were not hungry.

You visited 1 branch of the dungeon, and saw 4 of its levels.
You also visited: Sewer.

You collected 185 gold pieces.

Inventory:

Hand weapons
 m - a +0 giant spiked club
 q - a cursed -1 flail (weapon)
Missiles
 b - 8 large rocks (quivered)
 c - 2 throwing nets
Armour
 e - a +0 troll leather armour (worn) {Purgy}
Comestibles
 f - 2 meat rations
 i - a royal jelly
 j - 2 slices of pizza
 k - 3 bread rations
Potions
 a - a potion of magic {unknown}
 d - 2 potions of might
 l - a potion of haste
 n - 3 potions of agility {unknown}
 o - a potion of lignification {unknown}
 r - a potion of flight {unknown}


   Skills:
 - Level 2.6 Fighting
 * Level 9.1 Maces & Flails
 + Level 7.0 Throwing
 - Level 1.7 Dodging
 - Level 0.7 Stealth


You had 6 spell levels left.
You didn't know any spells.

Dungeon Overview and Level Annotations

Branches:
Dungeon (4/15)
 Temple: D:4-7

Altars:
Dithmenos
Fedhas
Kikubaaqudgha
Xom


Innate Abilities, Weirdness & Mutations

You are too large for most types of armour.
You have tough skin (AC +1).


Message History

The orc wizard points at you and mumbles some strange words.
The magic dart hits you!
* * * LOW HITPOINT WARNING * * *
You barely miss something. Something hits you but does no damage.
Drink which item? (? for menu, Esc to quit)
A red film seems to cover your vision as you go berserk!
You feel yourself moving faster!
You feel mighty! The orc wizard barely misses you. Something hits you.
* * * LOW HITPOINT WARNING * * *
The orc wizard barely misses you.
You hit the orc wizard.
The orc wizard is almost dead.
The orc wizard gestures at you while chanting.
The magic dart hits you!
* * * LOW HITPOINT WARNING * * *
You miss the orc wizard.
The orc wizard is almost dead.
You hear some strange, mumbled words.
The magic dart hits you!
You die...

#.oo.##########
..{...........#
#############.# .
#####.#######
...######......o@)..#
........#.###.####.##
#######.#.# #.# #.#
......#.#.# #.# #o#
>.......#.###.# #.#
.####.........# #{#
.# #####.##### #.#
.##### #.# #.# .....#
#.# #.#


You could see an orc wizard.

Vanquished Creatures
  Menkaure (D:4)
  Purgy (Sewer)
  An ogre (D:4)
  The ghost of wullow the Cudgeler, an average GrGl (D:3)
  2 hounds (D:4)
  2 orc priests
  An iguana (D:3)
  An orc wizard (D:4)
  3 worker ants (D:4)
  4 adders
  3 gnolls (D:3)
  3 giant mites (D:3)
  4 worms
  2 giant geckos
  4 orcs
  2 ball pythons
  6 goblins
  4 hobgoblins
  18 jackals
  8 bats
  8 giant cockroaches
  5 giant newts
  A gnoll skeleton (D:4)
  6 kobolds
  A kobold skeleton (D:4)
  7 rats
99 creatures vanquished.

Vanquished Creatures (others)
  A fungus (D:3)
1 creature vanquished.

Grand Total: 100 creatures vanquished

Notes
Turn   | Place    | Note
--------------------------------------------------------------
     0 | D:1      | Ololoev, the Ogre Hunter, began the quest for the Orb.
     0 | D:1      | Reached XP level 1. HP: 22/22 MP: 1/1
   523 | D:1      | Reached XP level 2. HP: 22/29 MP: 2/2
  1285 | D:1      | Reached XP level 3. HP: 36/36 MP: 3/3
  1798 | D:2      | Reached XP level 4. HP: 18/44 MP: 4/4
  1805 | D:2      | Reached skill level 5 in Throwing
  2141 | D:2      | Found a shimmering altar of Xom.
  2145 | D:2      | Found a shimmering altar of Xom.
  2146 | D:2      | Found a shimmering altar of Xom.
  2147 | D:2      | Found a shimmering altar of Xom.
  2212 | D:2      | You fall through a shaft!
  2217 | D:3      | Found a shadowy altar of Dithmenos.
  2222 | D:3      | Noticed wullow's ghost (average GrGl)
  2243 | D:3      | Killed wullow's ghost
  2243 | D:3      | Reached skill level 5 in Maces & Flails
  2243 | D:3      | Reached XP level 5. HP: 5/50 MP: 5/5
  2615 | D:3      | Found a glowing drain.
  2666 | Sewer    | Entered a sewer
  2917 | Sewer    | Noticed Purgy
  2926 | Sewer    | Killed Purgy
  2926 | Sewer    | Reached skill level 6 in Maces & Flails
  2926 | Sewer    | Reached XP level 6. HP: 59/59 MP: 6/6
  3109 | D:3      | Found a blossoming altar of Fedhas.
  3237 | D:3      | Found an ancient bone altar of Kikubaaqudgha.
  3383 | D:4      | Noticed Menkaure
  3411 | D:3      | Reached skill level 7 in Maces & Flails
  3478 | D:4      | Killed Menkaure
  3478 | D:4      | Reached XP level 7. HP: 39/66 MP: 7/7
  3644 | D:4      | Reached skill level 8 in Maces & Flails
  4448 | D:4      | Reached skill level 9 in Maces & Flails
  4469 | D:4      | Killed from afar by an orc wizard

Action                   |  1- 3 |  4- 6 |  7- 9 || total
-------------------------+-------+-------+-------++-------
Melee: Club              |    62 |       |       ||    62
       Mace              |    66 |   136 |       ||   202
       Flail             |       |     5 |    75 ||    80
Throw: Large rock        |       |    23 |    12 ||    35
       Throwing net      |       |     2 |       ||     2
  Use: Scroll            |       |     3 |     2 ||     5
       Potion            |       |     1 |     1 ||     2
  Eat: Chunk             |     3 |     6 |     1 ||    10
       Fruit             |       |       |     1 ||     1
       Beef jerky        |       |       |     1 ||     1
